 Dungeon Crawl Stone Soup version 0.19.4 (webtiles) character file.

380 Naow the Conjurer (level 6, -22/32 HPs)
             Began as a Deep Elf Conjurer on Jan 30, 2017.
             Annihilated by an ogre
             ... wielding a +0 giant spiked club
              (31 damage)
             ... on level 4 of the Dungeon.
             The game lasted 00:03:24 (4786 turns).

Naow the Conjurer (Deep Elf Conjurer)               Turns: 4786, Time: 00:03:25

Health: -22/32     AC:  3    Str:  5    XL:     6   Next: 46%
Magic:  9/16       EV: 13    Int: 22    God:
Gold:   221        SH:  0    Dex: 15    Spells: 2 memorised, 13 levels left

rFire  . . .     SeeInvis .     (no weapon)
rCold  . . .     Gourm    .     a - +0 robe
rNeg   . . .     Faith    .     (no shield)
rPois  .         Spirit   .     (no helmet)
rElec  .         Reflect  .     (no cloak)
rCorr  .         Harm     .     f - +0 pair of gloves
MR     .....                    (no boots)
Stlth  ++........               (no amulet)
                                (no ring)
                                (no ring)

@: no status effects
A: no striking features
a: no special abilities


You were on level 4 of the Dungeon.
You were hungry.

You visited 1 branch of the dungeon, and saw 4 of its levels.

You collected 221 gold pieces.

Inventory:

Armour
 a - a +0 robe (worn)
 f - a +0 pair of gloves (worn)
 h - a +0 helmet
Jewellery
 v - an uncursed amulet of harm {unknown}
 y - a cursed ring of loudness {unknown}
Wands
 k - a wand of random effects (14/48)
Scrolls
 d - 2 scrolls of fog {unknown}
 g - 3 scrolls of teleportation {unknown}
 m - 5 scrolls of identify {unknown}
 n - 3 scrolls of random uselessness {unknown}
 o - 2 scrolls of remove curse {unknown}
 p - 2 scrolls of noise {unknown}
 u - 3 scrolls of amnesia {unknown}
 C - a scroll of magic mapping {unknown}
Potions
 e - a potion of flight {unknown}
 j - 2 potions of heal wounds {unknown}
 l - a potion of magic {unknown}
 q - 2 potions of lignification {unknown}
 r - a potion of cancellation {unknown}
 s - a potion of degeneration {unknown}
 w - a potion of curing {unknown}
 x - 2 potions of resistance {unknown}
 z - a potion of invisibility {unknown}
Books
 b - a book of Conjurations

   Spells                             Type                      Level
   a - Magic Dart                     Conjuration                  1
   b - Searing Ray                    Conjuration                  2
   c - Dazzling Spray                 Conjuration/Hexes            3
   d - Fulminant Prism                Conjuration/Hexes            4
   e - Iskenderun's Mystic Blast      Conjuration                  4
   f - Iskenderun's Battlesphere      Conjuration/Charms           5
Comestibles
 c - 4 bread rations
 i - 4 meat rations
 t - a slice of pizza
 B - a royal jelly


   Skills:
 - Level 2.4 Dodging
 - Level 2.4 Stealth
 + Level 5.9 Spellcasting
 * Level 7.4 Conjurations


You had 13 spell levels left.
You knew the following spells:

 Your Spells              Type           Power        Failure   Level  Hunger
a - Magic Dart            Conj           ####         1%          1    None
b - Searing Ray           Conj           #####.       1%          2    None


Dungeon Overview and Level Annotations

Branches:
Dungeon (4/15)             Temple (0/1) D:4

Altars:
Fedhas
Hepliaklqana
Nemelex Xobeh
Ru
Sif Muna


Message History

The ogre is heavily wounded. (Press . to maintain the ray.)
The searing ray misses the ogre.
You are feeling hungry.
Casting: Searing Ray
Confirm with . or Enter, or press ? or * to list all spells.
Aiming: Searing Ray
Press: ? - help, Shift-Dir - straight line, f/p - ogre
Aim: an ogre, wielding a giant spiked club (heavily wounded)
The searing ray hits the ogre.
The ogre is severely wounded. (Press . to maintain the ray.)
The ogre hits you with a giant spiked club!!
Ouch! That really hurt!
* * * LOW HITPOINT WARNING * * *
The searing ray hits the ogre.
The ogre is almost dead.
The ogre hits you with a giant spiked club!!
Ouch! That really hurt!
You die...

###########.^.....######...####
#.......................#
#.###.......######...##.# #.#
#.......# ##.###.# #.#
#.......#######.# #.# #.#
####............###.## #.#
##...##########...## #######.#
##.## #......... #.......# #@#
#.###...## #..###### #####O##
##.### 8..8## #......## .# #....
.....## #.####..# #.# #####
.>....## #.# ##.## #.# 8..8#..#
#.#####..####.######## #..###.#
#.#...................
..#..#.#####.#..#................
#.#..#...........##............##


You could see an ogre.

Vanquished Creatures
  An orc priest (D:3)
  2 hounds (D:4)
  An iguana (D:4)
  A worker ant (D:4)
  10 adders
  4 gnolls (D:3)
  2 worms
  5 dart slugs
  A leopard gecko (D:3)
  10 orcs
  4 bats
  6 giant cockroaches
  5 goblins
  9 hobgoblins
  11 jackals
  7 quokkas
  A ball python (D:1)
  2 frilled lizards
  7 kobolds
  5 rats
94 creatures vanquished.

Notes
Turn   | Place    | Note
-------+----------+-------------------------------------------
     0 | D:1      | Naow the Deep Elf Conjurer began the quest for the Orb.
     0 | D:1      | Reached XP level 1. HP: 10/10 MP: 6/6
   330 | D:1      | Reached XP level 2. HP: 15/15 MP: 5/8
   334 | D:1      | Learned a level 2 spell: Searing Ray
   529 | D:1      | Reached skill level 5 in Conjurations
  1098 | D:1      | Reached XP level 3. HP: 19/19 MP: 5/10
  1491 | D:2      | Reached XP level 4. HP: 24/24 MP: 9/12
  1974 | D:2      | Found a blossoming altar of Fedhas.
  1974 | D:2      | Found a faded altar of an unknown god.
  1981 | D:2      | Found a deep blue altar of Sif Muna.
  1983 | D:2      | Found a faded altar of an unknown god.
  1985 | D:2      | Found a faded altar of an unknown god.
  2098 | D:3      | Found a sacrificial altar of Ru.
  2516 | D:3      | Reached skill level 5 in Spellcasting
  2516 | D:3      | Reached skill level 6 in Conjurations
  2516 | D:3      | Reached XP level 5. HP: 3/28 MP: 5/14
  3710 | D:3      | Found a sparkling altar of Nemelex Xobeh.
  4038 | D:4      | Reached skill level 7 in Conjurations
  4038 | D:4      | Reached XP level 6. HP: 31/32 MP: 9/16
  4137 | D:4      | Found a hazy altar of Hepliaklqana.
  4743 | D:4      | Found a staircase to the Ecumenical Temple.
  4786 | D:4      | Annihilated by an ogre

Skill      XL: |  1  2  3  4  5 |
---------------+----------------+-----
Conjurations   | 5 6 7 |  7.4
Spellcasting   | 4 5 |  5.9
Dodging        | |  2.4
Stealth        | |  2.4

Action                   |  1- 3 |  4- 6 || total
-------------------------+-------+-------++-------
Melee: Unarmed           |    14 |       ||    14
 Cast: Magic Dart        |    77 |   153 ||   230
       Searing Ray       |       |     9 ||     9
  Eat: Chunk             |     2 |     9 ||    11
Armor: Robe              |    13 |     2 ||    15
Dodge: Dodged            |    23 |    37 ||    60
